Snorkel, chaotic male elven Wizard -- . .- -.| |.-- --.>--- |.....| -....| --s..-- |@...| -@:.-- .@..| ------ Snorkel the Thaumaturge Experience level: 6 Strength: 13 Dexterity: 11 Constitution: 14 Intelligence: 20 Wisdom: 7 Charisma: 11 Health: 0(50) Energy: 12(66) AC: 6 Gold: 340 Moves: 1841 Your Inventory: Coins $ - 340 gold pieces Weapons a - a blessed +1 quarterstaff C - an [uncursed +0] dagger I - an [uncursed +0] silver dagger (weapon in hand) Armor b - a blessed +3 cloak of magic resistance (being worn) x - an [uncursed +0] piece of cloth [cloak of displacement] Comestibles t - an [uncursed] tin [of gnome meat] A - 2 [uncursed] tins [of spinach] J - 2 [uncursed] food rations Scrolls j - an uncursed scroll of genocide Spellbooks l - a blessed spellbook of force bolt m - an uncursed spellbook of stone to flesh Potions h - an uncursed clear potion [of water] Rings d - an uncursed ring of cold resistance (on left hand) e - an uncursed +4 ring of increase damage (on right hand) Wands c - an uncursed wand of fire (0:7) r - an [uncursed] silver wand [of nothing (0:4)] E - an [uncursed] octagonal wand [of digging (0:4)] Tools n - an uncursed wooden harp o - an [uncursed tin] whistle w - an [uncursed] blindfold F - 4 [uncursed tallow] candles H - an [uncursed tin] whistle K - an [uncursed wax] candle L - an [uncursed] tin opener Spells known in the end: Name Level Category Fail Memory a - force bolt 1 attack 0% [||||||||] b - stone to flesh 3 healing 63% [||||||||] Your skills at the end: Fighting Skills Weapon Skills quarterstaff [Basic / Expert] Spellcasting Skills attack spells [Basic / Expert] enchantment spells [Basic / Skilled] Final Attributes: You were devoutly aligned. Hunger level was 692. Your alignment was 16 / 19. Monster difficulty range was 1 - 6. Level difficulty was 7. You were immune to cold. You were immune to sleep. You were magic-protected. You were hallucinating. You saw invisible. You had infravision. You had a +4 damage bonus. Your luck was zero. You are dead. Vanquished creatures: a small mimic 2 gnome lords a little dog a floating eye a kitten 3 dwarves a giant bat a werejackal 3 coyotes a hobbit 3 giant rats a brown mold a green mold 24 gnomes 2 geckos 2 jackals a kobold 2 sewer rats a grid bug a lichen a kobold zombie 4 newts and a partridge in a pear tree 58 creatures vanquished. Voluntary challenges: You used a wielded weapon 23 times. You read items or engraved 8 times. You put on armor 1 time. You never genocided any monsters. You never polymorphed an object. You never changed form. You used no wishes. You never wrote Elbereth's name. You never encountered a bones level. You never used any Sokoban shortcuts. Dungeon overview: The Dungeons of Doom: levels 1 to 4 Level 1 a fountain a long staircase Level 2 some fountains Level 3 a general store Level 4 stairs to The Gnomish Mines The Gnomish Mines: levels 5 to 7 Level 5 stairs to The Dungeons of Doom Level 7 <- You were here History has recorded: On T:1 you entered the Dungeons of Doom to retrieve the Amulet of Yendor! On T:389 you reached level 2 of The Dungeons of Doom. On T:591 you advanced to experience level 2. On T:644 you reached level 3 of The Dungeons of Doom. On T:755 you advanced to experience level 3. On T:849 you advanced to experience level 4. On T:939 you advanced to experience level 5. On T:1022 you reached level 4 of The Dungeons of Doom. On T:1279 you reached level 1 of The Gnomish Mines. On T:1443 you advanced to experience level 6. On T:1682 you reached level 2 of The Gnomish Mines. On T:1776 you reached level 3 of The Gnomish Mines. Latest messages: You kill the chickatrice! The cacodemon picks up a blue gem. The gecko bites! The lernaean hydra hits! The bluebird of happiness bites! [HP-15=35] You miss the dropbear. The manbearpig bites! [HP-6=29] You miss the lich. The gold golem bites! The dahu hits! [HP-10=19] You miss the yellow wight. The yeek bites! [HP-6=13] You hit the tyrannosaurus rex. The floating eye bites! The beer wight misses. The creeping coins bites! [HP-10=3] You miss the kobold. The Terminator bites! You die... Final status: Goodbye Snorkel the Wizard... You died in The Gnomish Mines on dungeon level 7 with 1778 points, and 340 pieces of gold, after 1841 moves. You were level 6 with a maximum of 50 hit points when you died.